 Dungeon Crawl Stone Soup version 0.31-a0-229-g1fc7ce93e2 (webtiles) character file.

Game seed: 6355609624894346755

120 qw the Shooter (level 4, 0/36 HPs)
             Began as a Minotaur Hexslinger on July 6, 2023.
             Slain by a scorpion (3 damage)
             ... on level 4 of the Dungeon.
             The game lasted 00:00:56 (2430 turns).

qw the Shooter (Minotaur Hexslinger)                Turns: 2430, Time: 00:00:57

Health: 0/36       AC:  3    Str: 12 (14) XL:     4   Next: 75%
Magic:  4/4        EV: 12    Int: 10      God:
Gold:   203        SH:  0    Dex: 19      Spells: 4/5 levels left

rFire   . . .        Y - +1 sling
rCold   . . .        (no shield)
rNeg    . . .        a - +0 robe of Ryhae {+Blink Str+2 Dex+4 Stlth+}
rPois   .            (helmet restricted)
rElec   .            (no cloak)
rCorr   .            (no gloves)
SInv    .            k - +0 pair of boots
Will    .....        (no amulet)
Stlth   +++          (no ring)
HPRegen 0.26/turn    (no ring)
MPRegen 0.09/turn

%: no passive effects
@: no status effects
A: horns 2, retaliatory headbutt
a: Evoke Blink


You were on level 4 of the Dungeon.
You visited 1 branch of the dungeon, and saw 4 of its levels.

You collected 203 gold pieces.


Innate Abilities, Weirdness & Mutations

You have a pair of horns on your head.
You reflexively headbutt those who attack you in melee.


   Skills:
 - Level 2.0 Fighting
 + Level 4.8 Ranged Weapons
 - Level 2.1 Armour
 - Level 2.1 Dodging
 - Level 1.0 Spellcasting
 - Level 2.0 Hexes


You had 4 spell levels left.
You knew the following spells:

 Your Spells              Type           Power      Damage    Failure   Level
a - Slow                  Hex            16%        N/A       16%         1

Your spell library contained the following spells:

 Spells                   Type           Power      Damage    Failure   Level
 Inner Flame              Hex/Fire       2%         N/A       56%         3
 Portal Projectile        Hex/Tloc       4%         N/A       56%         3
 Cause Fear               Hex            2%         N/A       83%         4

Inventory:

Hand Weapons
 Y - a +1 sling (weapon)
Armour
 a - the +0 robe of Ryhae (worn) {+Blink Str+2 Dex+4 Stlth+}
   (You found it on level 3 of the Dungeon)

   Str:       It affects your strength (+2).
   Dex:       It affects your dexterity (+4).
   +Blink:    It lets you blink.
   Stlth:     It makes you more stealthy.
 k - a +0 pair of boots (worn)
Scrolls
 c - a scroll of identify
Potions
 p - 2 potions of curing
 q - a potion of haste {unknown}
 r - a potion of berserk rage {unknown}

Dungeon Overview and Level Annotations

Branches:
Dungeon (4/15)
 Temple: D:4-7

Altars:
Dithmenos

Annotations:
D:2 1 runed translucent door, Crazy Yiuf


Message History

You furiously retaliate!
You headbutt the orc!
You kill the orc!
You shoot a sling bullet. The sling bullet hits the scorpion.
The scorpion is moderately wounded.
The scorpion stings you.
You shoot a sling bullet. The sling bullet hits the scorpion.
The scorpion is heavily wounded.
The scorpion stings you.
The scorpion stings you but does no damage.
You shoot a sling bullet. The sling bullet hits the scorpion.
The scorpion is heavily wounded.
Your surroundings suddenly seem different.
An ufetubus comes into view.
Found 13 gold pieces.
Found a stone staircase leading down.
The ufetubus shouts!
You hear an angry hiss.
An adder comes into view.
The ufetubus hits you. x2
2425 ||| READING scroll of teleportation.
As you read the scroll of teleportation, it crumbles to dust.
You feel strangely unstable. The ufetubus barely misses you. x2
You shoot a sling bullet.
The sling bullet closely misses the ufetubus.
The ufetubus barely misses you. You furiously retaliate!
You headbutt the ufetubus, but do no damage.
The ufetubus hits you but does no damage. x2
The ufetubus hits you.
You shoot a sling bullet. The sling bullet hits the ufetubus.
The ufetubus is moderately wounded.
Your surroundings suddenly seem different.
You shoot a sling bullet.
The sling bullet hits the scorpion but does no damage.
The scorpion is heavily wounded.
You shoot a sling bullet.
The sling bullet hits the scorpion but does no damage.
The scorpion is heavily wounded.
You shoot a sling bullet. The sling bullet hits the scorpion.
The scorpion is severely wounded.
The scorpion stings you.
You die...

....... .......
....... ####..
....!..#####......
.....#.......#
......s@#
..#).#### #.?#
#..# #..# #..#
#..# #..# #..#


You could see a scorpion.

Vanquished Creatures
  Terence (D:2)
  3 adders
  A worm (D:3)
  A dart slug (D:1)
  2 orcs (D:4)
  5 ball pythons
  5 bats
  9 endoplasms
  3 giant cockroaches
  4 goblins
  6 hobgoblins
  2 jackals (D:1)
  5 kobolds
  4 quokkas
  2 frilled lizards
  6 rats
59 creatures vanquished.

Notes
Turn   | Place    | Note
-------+----------+-------------------------------------------
     0 | D:1      | qw the Minotaur Hexslinger began the quest for the Orb.
     0 | D:1      | Reached XP level 1. HP: 16/16 MP: 1/1
     0 | D:1      | 0 ||| qw: Version: 0.3-a-46-gb1f654a
     0 | D:1      | 0 ||| qw: Game counter: 1155
     0 | D:1      | 0 ||| qw: Melee chars always use a shield: true
     0 | D:1      | 0 ||| qw: God list: Okawaru
     0 | D:1      | 0 ||| qw: Allow faded altars: false
     0 | D:1      | 0 ||| qw: Do Orc after clearing Dungeon:15 true
     0 | D:1      | 0 ||| qw: Do second Lair branch before Depths: true
     0 | D:1      | 0 ||| qw: Lair rune preference: random
     0 | D:1      | 0 ||| qw: Goals: Normal
     0 | D:1      | 0 ||| PLANNING D:1-11
   140 | D:1      | Reached skill level 3 in Ranged Weapons
   145 | D:1      | Reached XP level 2. HP: 23/23 MP: 2/2
   345 | D:1      | Reached XP level 3. HP: 14/29 MP: 3/3
   703 | D:1      | 703 ||| UPGRADING to +0 ring mail.
   713 | D:1      | 713 ||| DROPPING +0 robe.
   714 | D:1      | 714 ||| UPGRADING to +0 pair of boots.
   719 | D:1      | 719 ||| READING scroll labelled VISKOS GYHAAKK.
   720 | D:1      | 720 ||| READING scroll labelled VAETUSS INIWK.
   721 | D:1      | 721 ||| READING scroll labelled VER DITACRIHA.
   722 | D:1      | 722 ||| READING 2 scrolls labelled TEOCIURAUSM.
   727 | D:1      | 727 ||| READING scroll labelled QEUXO XAREMUEG.
   728 | D:1      | 728 ||| READING scroll labelled LEREMI AJIXOTT.
   729 | D:1      | 729 ||| READING scroll labelled YGUEF GEETOCYN.
   730 | D:1      | 730 ||| READING scroll labelled HIRCHOI AHAO.
   731 | D:1      | 731 ||| DRINKING 2 murky silvery potions.
   732 | D:1      | 732 ||| DROPPING scroll of poison.
   733 | D:1      | 733 ||| DROPPING potion of degeneration.
   859 | D:2      | Reached skill level 4 in Ranged Weapons
   864 | D:2      | Found a shadowy altar of Dithmenos.
  1013 | D:2      | Noticed Terence
  1021 | D:2      | HP: 6/29 [Terence/+0 flail (6)]
  1022 | D:2      | 1022 ||| READING 2 scrolls of teleportation.
  1145 | D:2      | Killed Terence
  1146 | D:2      | Reached XP level 4. HP: 30/36 MP: 4/4
  1407 | D:2      | Found a runed translucent door.
  1408 | D:2      | Noticed Crazy Yiuf
  1443 | D:2      | 1443 ||| READING scroll labelled VEROKL MIOPHY.
  1544 | D:2      | 1544 ||| READING scroll labelled WIFE XOXT.
  1545 | D:2      | 1545 ||| DRINKING 2 viscous clear potions.
  1769 | D:3      | Found a shadowy altar of Dithmenos.
  1840 | D:3      | Identified the +0 robe of Ryhae {+Blink Str+2 Dex+4 Stlth+}
  2095 | D:3      | 2095 ||| FLEEEEING.
  2283 | D:3      | 2283 ||| UPGRADING to +0 robe of Ryhae {+Blink Str+2 Dex+4
                  | Stlth+}.
  2293 | D:3      | 2293 ||| DROPPING +0 ring mail.
  2294 | D:3      | 2294 ||| READING scroll labelled LOSORA DEERPH.
  2358 | D:3      | 2358 ||| READING 2 scrolls of identify.
  2358 | D:3      | 2358 ||| IDENTIFYING glowing inky potion
  2359 | D:3      | 2359 ||| DROPPING potion of attraction.
  2416 | D:4      | Noticed a scorpion
  2420 | D:4      | HP: 8/36 [scorpion (6)]
  2421 | D:4      | 2421 ||| READING 2 scrolls of teleportation.
  2424 | D:4      | HP: 2/36 [ufetubus (2)]
  2425 | D:4      | 2425 ||| READING scroll of teleportation.
  2430 | D:4      | Slain by a scorpion

Levels and vault maps discovered:
D:1:      nzn_arrival_depleted_hourglass, layout_rooms, minmay_small_reverse_x
D:2:      layout_basic, basic_altar, uniq_crazy_yiuf_cottage, uniq_terence
D:3:      layout_rooms, nicolae_dithmenos_through_a_glass_darkly
D:4:      layout_cave_pods, minmay_temple_entry_glassed_door,
          gammafunk_ghost_smash, serial_park_tiny_1

Skill      XL: |  1  2  3 |
---------------+----------+-----
Ranged Weapons | 3 4 |  4.8
Fighting       | 2 |  2.0
Armour         | 2 |  2.1
Dodging        | |  2.1
Spellcasting   | |  1.0
Hexes          | |  2.0

Action                     |  1- 3 |  4- 6 || total
---------------------------+-------+-------++-------
   Fire: Sling             |   117 |    89 ||   206
    Use: Scroll            |     9 |     6 ||    15
         Potion            |     1 |     1 ||     2
 Armour: Robe              |    13 |     3 ||    16
         Ring mail         |     4 |    18 ||    22
  Dodge: Dodged            |    46 |    31 ||    77

Table legend:
 A = Non-vault XP
 B = Vault XP
 C = Vault XP percentage of total XP
 D = Non-vault monster count
 E = Vault monster count
 F = Vault count percentage of total count
                 A         B        C        D         E       F
            +---------+---------+-------+---------+---------+-------
      Total |     133 |      39 |  22.7 |      54 |       5 |   8.5
            +---------+---------+-------+---------+---------+-------
        D:1 |      38 |       7 |  15.6 |      22 |       4 |  15.4
        D:2 |      29 |      32 |  52.5 |      10 |       1 |   9.1
        D:3 |      58 |       0 |   0.0 |      19 |       0 |   0.0
        D:4 |       8 |       0 |   0.0 |       3 |       0 |   0.0
            +---------+---------+-------+---------+---------+-------
